 Dungeon Crawl Stone Soup version 0.23.0-3-gf3c87f2 (webtiles) character file.

Game seed: 14239069793530976080

10435 Lavandula the Grappler (level 11, -11/115 HPs)
             Began as a Troll Wanderer on Feb 20, 2019.
             Was a Priest of Okawaru.
             Mangled by a spark wasp (13 damage)
             ... on level 11 of the Dungeon.
             The game lasted 00:22:50 (9483 turns).

Lavandula the Grappler (Troll Wanderer)             Turns: 9483, Time: 00:22:50

Health: -11/115    AC:  9    Str: 23    XL:     11   Next: 36%
Magic:  12/12      EV: 12    Int:  8    God:    Okawaru [***...]
Gold:   332        SH:  0    Dex: 13    Spells: 12/12 levels left

rFire    + . .     SeeInvis .     - Unarmed
rCold    . . .     Gourm    +   (no shield)
rNeg     . . .     Faith    .   O - +0 troll leather armour
rPois    .         Spirit   .   (helmet restricted)
rElec    .         Reflect  .   o - +0 cloak
rCorr    .         Harm     .   (gloves unavailable)
MR       .....                  (boots unavailable)
Stlth    +.........             (no amulet)
HPRegen  1.09/turn              x - ring of protection from fire
MPRegen  0.13/turn              G - +2 ring of dexterity

@: no status effects
A: large, unfitting armour, claws 3, fast metabolism 3, gourmand, regeneration
1, shaggy fur 1, tough skin 3
a: Heroism, Renounce Religion


You were on level 11 of the Dungeon.
You worshipped Okawaru.
Okawaru was most pleased with you.
You were full.

You visited 1 branch of the dungeon, and saw 11 of its levels.
You also visited: Sewer and Ossuary.

You collected 699 gold pieces.
You spent 367 gold pieces at shops.

Inventory:

Hand Weapons
 N - a +0 blowgun
Missiles
 B - 6 tomahawks (quivered)
 D - 4 throwing nets
 I - 5 tomahawks of dispersal
Armour
 o - a +0 cloak (worn)
 O - a +0 troll leather armour (worn)
Magical Staves
 H - an uncursed staff of poison {unknown}
Jewellery
 x - a ring of protection from fire (left claw)
 A - a +3 ring of intelligence
 G - a +2 ring of dexterity (right claw)
 R - an uncursed ring of ice
Wands
 d - a wand of scattershot (3)
 y - a wand of random effects (10)
 C - a wand of disintegration (7)
 E - a wand of polymorph (1)
 Q - a wand of flame (25)
Scrolls
 c - 8 scrolls of remove curse {unknown}
 h - 8 scrolls of teleportation {unknown}
 i - 9 scrolls of identify {unknown}
 l - 4 scrolls of blinking {unknown}
 m - a scroll of amnesia {unknown}
 n - 3 scrolls of enchant armour {unknown}
 p - a scroll of immolation {unknown}
 r - a scroll of enchant weapon {unknown}
 t - 5 scrolls of fog {unknown}
 v - a scroll of random uselessness {unknown}
 w - 5 scrolls of fear {unknown}
 F - 2 scrolls of magic mapping {unknown}
 M - a scroll of acquirement {unknown}
Potions
 a - a potion of magic {unknown}
 b - 5 potions of degeneration {unknown}
 e - 2 potions of haste {unknown}
 g - 5 potions of might {unknown}
 j - 7 potions of curing {unknown}
 k - 6 potions of heal wounds {unknown}
 q - a potion of resistance
 s - 3 potions of lignification {unknown}
 u - 3 potions of invisibility {unknown}
 z - a potion of agility {unknown}
 J - a potion of cancellation
 K - 2 potions of ambrosia {unknown}
 L - a potion of flight {unknown}
Comestibles
 f - 16 rations


   Skills:
 - Level 9.0 Fighting
 - Level 6.1 Dodging
 - Level 11.1 Unarmed Combat
 - Level 1.0 Spellcasting
   Level 2.6 Charms
 + Level 3.5 Invocations
 - Level 3.6 Evocations


You had 12 spell levels left.
You didn't know any spells.
Your spell library contained the following spells:

 Spells                   Type           Power        Failure   Level  Hunger
 Infusion                 Chrm           #...         16%         1    ##.....
 Song of Slaying          Chrm           #.......     22%         2    ###....
 Shroud of Golubria       Chrm/Tloc      #.........   36%         2    ###....
 Swiftness                Chrm/Air       #.......     36%         2    ###....
 Animate Skeleton         Necr           N/A          41%         1    ##.....
 Pain                     Necr           #...         41%         1    ##.....
 Shock                    Conj/Air       #...         41%         1    ##.....
 Sting                    Conj/Pois      #...         41%         1    ##.....
 Summon Small Mammal      Summ           #...         41%         1    ##.....
 Call Imp                 Summ           #.......     56%         2    ###....
 Ensorcelled Hibernation  Hex/Ice        #.....       56%         2    ###....
 Throw Frost              Conj/Ice       #.....       56%         2    ###....
 Regeneration             Chrm/Necr      #.........   61%         3    ####...
 Spectral Weapon          Hex/Chrm       #.......     61%         3    ####...
 Call Canine Familiar     Summ           #.......     80%         3    ####...
 Ignite Poison            Fire/Tmut/Pois #.......     80%         3    ####...
 Static Discharge         Conj/Air       #.......     80%         3    ####...
 Summon Guardian Golem    Hex/Summ       #.......     80%         3    ####...
 Vampiric Draining        Necr           #.........   80%         3    ####...
 Airstrike                Air            #.........   99%         4    #####..
 Animate Dead             Necr           N/A          99%         4    #####..
 Summon Ice Beast         Ice/Summ       #.......     99%         4    #####..
 Summon Lightning Spire   Summ/Air       #.......     99%         4    #####..
 Lightning Bolt           Conj/Air       #.........   100%        5    ######.


Dungeon Overview and Level Annotations

Branches:
Dungeon (11/15)            Temple (0/1) D:5            Lair (0/6) D:8
    Orc (0/2) D:10

Altars:
Ashenzari
Cheibriados
Fedhas
Gozag
Okawaru
Qazlal
Ru
Sif Muna
Vehumet
Xom
Zin
The Shining One

Shops:
D:6 *   D:9 **}*

Annotations:
D:10 1 runed translucent door, vishdafish's ghost, journeyman GnSk


Innate Abilities, Weirdness & Mutations

You are too large for most types of armour.
You have claws for hands.
Your metabolism is lightning-fast.
You like to eat raw meat.
Your natural rate of healing is unusually fast.
You are covered in fur. (AC +1)
You have extremely tough skin. (AC +3)


Message History

Evoke which item? (* to show all) (? for menu, Esc to quit)
Aiming: Polymorph
Press: ? - help, Shift-Dir - straight line, f/p - spark wasp
Aim: a spark wasp (chance to defeat MR: 38%)
The spark wasp resists with some effort.
The spark wasp stings you!! The spark wasp shocks you!
The spark wasp stings you!!
* * * LOW HITPOINT WARNING * * *
The spark wasp shocks you!
* * * LOW HITPOINT WARNING * * *
Unknown command.
Evoke which item? (* to show all) (? for menu, Esc to quit)
Aiming: Polymorph
Press: ? - help, Shift-Dir - straight line, f/p - spark wasp
Aim: a spark wasp (chance to defeat MR: 38%)
The spark wasp resists with some effort.
The spark wasp stings you!
* * * LOW HITPOINT WARNING * * *
The spark wasp shocks you!
You die...

........#.#....###..#..####.....#
........#.#.####........# .....
..........#(##......###.# .....
........###(##.#....# .# ..
.##.......#....#.)..# ..
.##............#....####.###.##..
.##.######...(...................
†.......#........########..#..#..
.#.####.#..#....@......##..#.....
.#.#.[[....#....y...##.##......#
.#.#.##[##.#..^..##.##.# ......#
.#.#.##)....####.##.##.###.....#
.#.#<##.......##.##.....÷#<....#
.#.####.......##.#####.#.#o....#
.#............##......o[.#D....#
.#.###....######.......#.o).$####
.#####.....### #......o####(..(..


You could see a spark wasp.

Vanquished Creatures
  Harold (D:8)
  2 two-headed ogres
  2 ugly things (D:11)
  A centaur zombie (D:10)
  3 trolls (D:10)
  A hippogriff (D:10)
  6 yaks
  A hungry ghost (D:9)
  Eustachio (D:4)
  Grum (D:8)
  A water moccasin (D:9)
  An ice beast (D:5)
  4 orc warriors
  2 phantoms
  6 ogres
  2 sky beasts
  A black bear (D:9)
  2 wolves (D:8)
  5 centaurs
  3 big kobolds
  5 bullfrogs
  2 scorpions
  An elf skeleton (D:5)
  8 wights
  An electric eel (D:6)
  2 jellies
  4 crimson imps
  3 hounds
  2 gnoll shamans (D:4)
  9 orc priests
  18 orc wizards
  A bullfrog skeleton (D:8)
  A centaur skeleton (D:11)
  6 iguanas
  A human skeleton (D:5)
  Terence (D:2)
  7 worker ants
  3 mummies (Ossuary)
  A howler monkey skeleton (D:7)
  15 adders
  19 gnolls
  A river rat (D:3)
  A shadow imp (D:7)
  8 oozes
  2 adder skeletons
  5 worms
  6 dart slugs
  10 leopard geckos
  66 orcs
  10 ball pythons
  16 giant cockroaches
  7 goblins
  10 hobgoblins
  6 jackals
  A quokka (D:2)
  7 bats
  19 frilled lizards
  3 gnoll zombies (Ossuary)
  5 goblin zombies (Ossuary)
  2 hobgoblin zombies (Ossuary)
  16 kobolds
  3 kobold zombies (Ossuary)
  A leopard gecko skeleton (D:6)
  3 orc skeletons (D:5)
  3 orc zombies
  3 quokka zombies
  10 rats
  A rat zombie (Ossuary)
381 creatures vanquished.

Vanquished Creatures (others)
  An orc (D:6)
  A kobold (D:3)
2 creatures vanquished.

Grand Total: 383 creatures vanquished

Notes
Turn   | Place    | Note
-------+----------+-------------------------------------------
     0 | D:1      | Lavandula the Troll Wanderer began the quest for the Orb.
     0 | D:1      | Lavandula set off with the following items: a +0 robe, a +0
                  | club, 2 rations; and the following spells available to
                  | memorise: Infusion, Song of Slaying, Shroud of Golubria,
                  | Sting, Ensorcelled Hibernation, Throw Frost, Regeneration,
                  | Spectral Weapon, Ignite Poison
     0 | D:1      | Reached XP level 1. HP: 19/19 MP: 1/1
    63 | D:1      | Reached skill level 1 in Unarmed Combat
    81 | D:1      | Reached XP level 2. HP: 27/27 MP: 2/2
   141 | D:1      | Reached skill level 2 in Unarmed Combat
   290 | D:1      | Reached XP level 3. HP: 33/33 MP: 3/3
   422 | D:2      | Noticed Terence
   429 | D:2      | Killed Terence
   429 | D:2      | Reached skill level 3 in Unarmed Combat
   523 | D:2      | Reached XP level 4. HP: 41/41 MP: 4/4
   527 | D:2      | Found a shattered altar of Ashenzari.
   652 | D:2      | Found a snail-covered altar of Cheibriados.
   692 | D:2      | Reached skill level 4 in Unarmed Combat
  1116 | D:3      | Found a glowing drain.
  1135 | D:3      | Reached XP level 5. HP: 23/48 MP: 5/5
  1156 | D:3      | Reached skill level 5 in Unarmed Combat
  1187 | Sewer    | Entered a sewer
  1410 | Sewer    | Reached XP level 6. HP: 55/55 MP: 6/6
  1412 | Sewer    | Reached skill level 6 in Unarmed Combat
  1599 | D:3      | Reached skill level 7 in Unarmed Combat
  2041 | D:3      | Reached XP level 7. HP: 58/62 MP: 7/7
  2421 | D:4      | Reached skill level 8 in Unarmed Combat
  2442 | D:4      | Noticed Eustachio
  2458 | D:4      | Killed Eustachio
  2558 | D:4      | Reached skill level 9 in Unarmed Combat
  2726 | D:4      | Reached XP level 8. HP: 32/70 MP: 8/8
  3230 | D:4      | Reached skill level 10 in Unarmed Combat
  3487 | D:5      | Entered Level 5 of the Dungeon
  3498 | D:5      | Found an opulent altar of Gozag.
  3646 | D:5      | Found a sand-covered staircase.
  3663 | Ossuary  | Entered an ossuary
  4017 | D:5      | Found a staircase to the Ecumenical Temple.
  4601 | D:6      | Found Depipus's Assorted Antiques.
  4610 | D:6      | Bought a glowing fluorescent wand for 124 gold pieces
  4610 | D:6      | Bought a small emerald ring for 155 gold pieces
  4645 | D:6      | Reached XP level 9. HP: 20/76 MP: 9/9
  5113 | D:6      | Reached skill level 5 in Dodging
  5222 | D:6      | Found a glowing golden altar of the Shining One.
  5444 | D:6      | Found a radiant altar of Vehumet.
  5751 | D:7      | Found a snail-covered altar of Cheibriados.
  6096 | D:8      | Noticed a two-headed ogre
  6101 | D:8      | Killed a two-headed ogre
  6101 | D:8      | Reached skill level 5 in Fighting
  6120 | D:8      | Noticed Grum
  6121 | D:8      | Found a blossoming altar of Fedhas.
  6124 | D:8      | Killed Grum
  6127 | D:8      | Reached XP level 10. HP: 83/97 MP: 10/10
  6219 | D:8      | Found a staircase to the Lair.
  6483 | D:8      | Noticed Harold
  6493 | D:8      | Killed Harold
  6598 | D:9      | Found an iron altar of Okawaru.
  6613 | D:9      | Found Goymay's Gadget Shoppe.
  6637 | D:9      | Found Ryeneyja's General Store.
  6641 | D:9      | Bought a potion of cancellation for 88 gold pieces
  6729 | D:9      | Found Coelus's Assorted Antiques.
  6769 | D:9      | Found Eschilugaf's Assorted Antiques.
  6983 | D:9      | Found a sacrificial altar of Ru.
  6991 | D:9      | Found a glowing silver altar of Zin.
  6995 | D:9      | Found a stormy altar of Qazlal.
  7093 | D:9      | Found a deep blue altar of Sif Muna.
  7123 | D:9      | Noticed a six-headed hydra
  7130 | D:9      | Noticed a fire dragon
  7130 | D:9      | a six-headed hydra changed into a fire dragon
  7455 | D:9      | Became a worshipper of Warmaster Okawaru
  7511 | D:10     | Entered Level 10 of the Dungeon
  7823 | D:10     | Found a runed translucent door.
  7824 | D:10     | Found a shimmering altar of Xom.
  7824 | D:10     | Noticed vishdafish's ghost (journeyman GnSk)
  7824 | D:10     | Noticed a +1 hand axe of chaos
  8000 | D:10     | Found a staircase to the Orcish Mines.
  8122 | D:10     | Reached * piety under Okawaru
  8269 | D:10     | Reached skill level 11 in Unarmed Combat
  8353 | D:10     | Reached XP level 11. HP: 104/115 MP: 11/11
  8902 | D:11     | Noticed a two-headed ogre
  8908 | D:11     | Killed a two-headed ogre
  8908 | D:11     | Reached ** piety under Okawaru
  8918 | D:11     | Noticed a white ugly thing
  8933 | D:11     | Killed a white ugly thing
  9061 | D:11     | Reached skill level 1 in Invocations
  9162 | D:11     | Reached *** piety under Okawaru
  9268 | D:11     | Noticed a cyan ugly thing
  9291 | D:11     | Killed a cyan ugly thing
  9390 | D:11     | Noticed a five-headed hydra
  9479 | D:11     | Noticed a spark wasp
  9479 | D:11     | a five-headed hydra changed into a spark wasp
  9483 | D:11     | HP: 2/115 [spark wasp (7)]
  9483 | D:11     | Mangled by a spark wasp

Skill      XL: |  1  2  3  4  5  6  7  8  9 10 11 |
---------------+----------------------------------+-----
Unarmed Combat | 1 2 3 4 5 7 9 10 11 | 11.1
Dodging        | 4 6 |  6.1
Fighting       | 5 9 |  9.0
Evocations     | 3 |  3.6
Invocations    | 3 |  3.5
Spellcasting   | |  1.0
Charms         | |  2.6

Action                   |  1- 3 |  4- 6 |  7- 9 | 10-12 || total
-------------------------+-------+-------+-------+-------++-------
Melee: Unarmed           |    87 |   288 |   372 |   323 ||  1070
       Punch             |       |     4 |    14 |    22 ||    40
Throw: Tomahawk          |       |       |       |     8 ||     8
Invok: Heroism           |       |       |       |     1 ||     1
Evoke: Wand              |       |       |     3 |    10 ||    13
 Stab: Sleeping          |       |     2 |       |       ||     2
       Distracted        |       |     1 |       |       ||     1
  Eat: Chunk             |    10 |    13 |    36 |    32 ||    91
       Ration            |       |       |     1 |     1 ||     2
Armor: Robe              |    40 |   126 |   102 |    31 ||   299
       Troll leather arm |       |       |       |    55 ||    55
Dodge: Dodged            |    38 |   121 |   146 |   183 ||   488
